 Dungeon Crawl Stone Soup version 0.30-a0-718-geaa24f58ff (webtiles) character file.

Game seed: 13652820572324337836

19307 croobank the Nimble (level 12, -5/93 HPs)
             Began as a Gnoll Hexslinger on Jan 25, 2023.
             Was an Initiate of Gozag.
             Slain by Snorg (21 damage)
             ... on level 12 of the Dungeon.
             The game lasted 01:14:53 (17494 turns).

croobank the Nimble (Gnoll Hexslinger)             Turns: 17494, Time: 01:14:53

Health: -5/93      AC: 10    Str: 10    XL:     12   Next: 67%
Magic:  6/24       EV: 16    Int: 26    God:    Gozag
Gold:   2270       SH:  0    Dex: 13    Spells: 13/27 levels left

rFire   . . .      SeeInvis .    S - +4 war axe (heavy)
rCold   + . .      Faith    .    (no shield)
rNeg    . . .      Spirit   .    O - +0 robe {Will+}
rPois   +          Reflect  .    p - +4 helmet of True Grit {rPois Regen+ Int-3}
rElec   .          Harm     .    c - +1 cloak {Stlth+}
rCorr   .          Rampage  .    (no gloves)
Will    +....                    (no boots)
Stlth   +++++                    (no amulet)
HPRegen 1.15/turn                s - ring "Tumaj" {rC+ Int+6}
MPRegen 0.19/turn                g - +6 ring of intelligence

@: no status effects
A: fangs 1, strong nose, distributed training
a: Renounce Religion, Potion Petition, Call Merchant, Bribe Branch


You were on level 12 of the Dungeon.
You worshipped Gozag.
Gozag was most pleased with you.
You visited 2 branches of the dungeon, and saw 13 of its levels.
You also visited: Sewer and Ossuary.

You collected 2497 gold pieces.
You paid 227 gold pieces to Gozag.

Inventory:

Hand Weapons
 a - a +2 quarterstaff of speed
 b - a +2 sling
 d - a +3 scimitar
 j - a +1 trident of protection
 m - a +3 spear of freezing
 F - a +3 halberd
 G - a +0 broad axe of electrocution
 L - a +1 whip of electrocution
 N - a +5 mace
 Q - a +4 dagger
 R - a +3 dagger of venom
 S - a +4 heavy war axe (weapon)
Missiles
 k - 13 boomerangs (quivered)
 V - 3 throwing nets
Armour
 c - a +1 cloak of stealth (worn)
 p - the +4 helmet of True Grit (worn) {rPois Regen+ Int-3}
   (You found it on level 4 of the Dungeon)

   Int:       It affects your intelligence (-3).
   rPois:     It protects you from poison.
   Regen:     It increases your rate of health regeneration.
 O - a +0 robe of willpower (worn)
Jewellery
 e - the ring "Imepped" {Wiz rPois rN+ Will++}
   (You acquired it on level 3 of the Dungeon)

   [ring of wizardry]

   It improves your spell success rate.
   rPois:     It protects you from poison.
   rN:        It protects you from negative energy.
   Will:      It greatly increases your willpower.
 f - a +5 ring of evasion
 g - a +6 ring of intelligence (right hand)
 l - a ring of magical power
 s - the ring "Tumaj" (left hand) {rC+ Int+6}
   (You found it on level 5 of the Dungeon)

   [ring of intelligence]

   Int:       It affects your intelligence (+6).
   rC:        It protects you from cold.
 u - a +5 ring of evasion
 y - a +6 ring of strength
 U - a +6 ring of intelligence
 X - a ring of protection from fire
 Y - the ring "Parum" {rElec rF+ Will+ Str-3 Dex+6}
   (You found it on level 10 of the Dungeon)

   [ring of willpower]

   Str:       It affects your strength (-3).
   Dex:       It affects your dexterity (+6).
   rF:        It protects you from fire.
   rElec:     It insulates you from electricity.
   Will:      It increases your willpower.
Wands
 n - a wand of paralysis (3)
 o - a wand of flame (16)
 Z - a wand of polymorph (4)
Scrolls
 h - 3 scrolls of vulnerability
 q - 3 scrolls of immolation
 t - 3 scrolls of poison
 v - 2 scrolls of amnesia
 w - 4 scrolls of teleportation
 I - 6 scrolls of identify
 K - 2 scrolls of silence
Potions
 i - 8 potions of flight
 r - 3 potions of invisibility
 x - 3 potions of cancellation
 z - 2 potions of haste
 A - a potion of brilliance
 B - a potion of heal wounds
 C - 3 potions of ambrosia
 D - 3 potions of attraction
 E - 5 potions of curing
 J - a potion of berserk rage
 M - 4 potions of lignification
 T - a potion of magic
Miscellaneous
 P - a box of beasts (inert)


   Skills:
 + Level 8.2 Fighting
 + Level 7.8 Short Blades
 + Level 7.8 Long Blades
 + Level 7.8 Axes
 + Level 7.8 Maces & Flails
 + Level 7.8 Polearms
 + Level 7.8 Staves
 + Level 9.1 Ranged Weapons
 + Level 7.8 Throwing
 + Level 7.8 Armour
 + Level 9.1 Dodging
 + Level 7.8 Stealth
 + Level 7.8 Shields
 + Level 7.8 Unarmed Combat
 + Level 8.3 Spellcasting
 + Level 6.4 Conjurations
 + Level 8.6 Hexes
 + Level 6.4 Summonings
 + Level 6.4 Necromancy
 + Level 6.4 Translocations
 + Level 6.4 Transmutations
 + Level 6.4 Fire Magic
 + Level 6.4 Ice Magic
 + Level 6.4 Air Magic
 + Level 6.4 Earth Magic
 + Level 6.4 Poison Magic
 + Level 8.5 Invocations
 + Level 7.8 Evocations


You had 13 spell levels left.
You knew the following spells:

 Your Spells              Type           Power      Damage    Failure   Level
a - Slow                  Hex            100%       N/A       1%          1
b - Summon Small Mammal   Summ           100%       N/A       1%          1
c - Call Canine Familiar  Summ           44%        N/A       1%          3
d - Summon Guardian Gole  Hex/Summ       50%        N/A       1%          3
e - Inner Flame           Hex/Fire       50%        N/A       1%          3
f - Beastly Appendage     Tmut           88%        N/A       1%          1
g - Wereblood             Tmut           44%        N/A       1%          2

Your spell library contained the following spells:

 Spells                   Type           Power      Damage    Failure   Level
 Freeze                   Ice            100%       1d10      1%          1
 Frozen Ramparts          Ice            88%        1d14      1%          3
 Hailstorm                Conj/Ice       44%        3d10      1%          3
 Ignite Poison            Fire/Tmut/Pois 44%        N/A       1%          3
 Kindle Blastsparks       Fire/Tloc/Air  88%        2d17      1%          3
 Portal Projectile        Hex/Tloc       100%       N/A       1%          3
 Spider Form              Tmut/Pois      44%        N/A       1%          3
 Cause Fear               Hex            26%        N/A       1%          4
 Fulminant Prism          Conj/Hex       25%        3d13      2%          4
 Iskenderun's Mystic Bla  Conj/Tloc      44%        2d10      3%          4
 Sticky Flame             Conj/Fire      44%        2d6       3%          4
 Freezing Cloud           Conj/Ice/Air   22%        6-21      11%         5
 Lee's Rapid Deconstruct  Erth           22%        3d12*     11%         5
 Dragon Form              Tmut           22%        N/A       97%         7
 Ignition                 Fire           22%        3d8       100%        8
 Dragon's Call            Summ           22%        N/A       100%        9
 Polar Vortex             Ice            22%        N/A       100%        9
 Simulacrum               Ice/Necr       Unusable   N/A       N/A         6

Dungeon Overview and Level Annotations

Branches:
Dungeon (12/15)            Temple (1/1) D:4            Lair (0/5) D:10
    Orc (0/2) D:10          Sewer (visited)         Ossuary (visited)

Altars:
Ashenzari
Cheibriados
Dithmenos
Elyvilon
Fedhas
Gozag
Hepliaklqana
Kikubaaqudgha
Makhleb
Nemelex Xobeh
Okawaru
Qazlal
Ru
Sif Muna
Trog
Uskayaw
Vehumet
Wu Jian
Xom
Yredelemnul
Zin
The Shining One

Annotations:
D:9 2 transporters, 1 runed translucent door, bande's ghost, novice GrFi
D:12 Snorg


Innate Abilities, Weirdness & Mutations

You have very sharp teeth.
Your uncanny sense of smell can sniff out nearby items.
Your experience applies equally to all skills.


Message History

Casting: Slow (safe; 1% risk of failure)
Confirm with . or Enter, or press ? or * to list all spells.
A guardian golem appears, shielding your allies.
Your guardian golem disappears in a puff of smoke!
Snorg misses you. x2; Snorg claws you but does no damage.
Snorg closely misses you. Snorg claws you but does no damage. Snorg claws you!
Casting: Summon Guardian Golem (safe; 1% risk of failure)
Confirm with . or Enter, or press ? or * to list all spells.
Snorg bites you!! Snorg claws you! Snorg barely misses you. Snorg bites you!
Snorg claws you. Snorg closely misses you. Snorg bites you!!
* * * LOW HITPOINT WARNING * * *
Snorg claws you!
* * * LOW HITPOINT WARNING * * *
Snorg barely misses you.
You swap places.
Your hound bites Snorg.
Snorg bites your hound!!
Your hound dies!
Your hound's corpse disappears in a puff of smoke!
Okay, then.
Okay, then. [a] - 168 gold - heal wounds and curing [b] - 483 gold - heal wounds, magic and resistance [c] - 580 gold - haste and resistance Purchase which effect?
You feel much better.
You feel better. Snorg bites you! Snorg misses you. Snorg claws you!
Okay, then.
Casting: Call Canine Familiar (safe; 1% risk of failure)
Confirm with . or Enter, or press ? or * to list all spells.
Okay, then.
Casting: Call Canine Familiar (safe; 1% risk of failure)
Confirm with . or Enter, or press ? or * to list all spells.
A guardian golem appears, shielding your allies.
Your guardian golem disappears in a puff of smoke!
Snorg misses you. Snorg claws you!
* * * LOW HITPOINT WARNING * * *
Snorg claws you!
* * * LOW HITPOINT WARNING * * *
Snorg bites you!!
You die...
Your body crumbles into a pile of gold.

... #......# #.# ########.
... #......####.# .........
... #...........# #######..
... #...........# #.$.z.. #>#
#...........# .## #.##### #.#
####.##.....# ... #.# .. #..
#.###.##.# .... #○###.#
#..######.# #.##9#
....###$§$... #.........#
#.##@# #...○§.$...
#)##.###### #.##T#
....#....#$.. #..#######.##§#
.. #....#... ##..#.........#
#....# ..
##.☼..###.###########....####
###........ ......$§§§......
#.#..#.###########....####
#.#..#.# #§§..#
#.#..#.###########....###


You could see Snorg (berserk, ally target) and a friendly guardian golem
(summoned).

Vanquished Creatures
  A cyclops (D:11)
  Maurice (D:10)
  Joseph (D:8)
  A gargoyle (D:10)
  2 kobold demonologists
  An unseen horror (D:11)
  A troll (D:12)
  A hornet (D:6)
  A shadow (D:9)
  7 yaks
  A wyvern (D:8)
  Eustachio (D:6)
  2 vampire mosquitoes (D:11)
  An acid dragon (D:11)
  3 water moccasins
  2 orc warriors
  An ice beast (D:7)
  A sky beast (D:6)
  A centaur (D:9)
  A phantom (D:5)
  3 elf zombies (Ossuary)
  4 kobold brigands
  Blork the orc (D:6)
  2 bullfrogs
  A gnoll sergeant (D:9)
  A necrophage (D:8)
  2 scorpions
  8 wights (D:8)
  A nameless horror (D:3)
  5 howler monkeys
  A centaur zombie (Ossuary)
  A human zombie (Ossuary)
  3 hounds (D:5)
  2 orc priests
  8 orc wizards
  A mummy (D:6)
  Robin (D:3)
  6 gnolls
  9 adders
  6 river rats
  An adder zombie (Ossuary)
  6 worms
  23 orcs
  13 ball pythons
  8 endoplasms
  4 giant cockroaches
  10 goblins
  8 hobgoblins
  2 quokkas
  7 bats
  2 frilled lizards (Sewer)
  7 hobgoblin zombies (Ossuary)
  15 kobolds
  8 kobold zombies (Ossuary)
  5 orc zombies (Ossuary)
  7 rats
223 creatures vanquished.

Vanquished Creatures (collateral kills)
  Harold (D:10)
  Nergalle (D:10)
  A skeletal warrior (D:12)
  An unseen horror (D:11)
  A wyvern (D:9)
  A yak (D:11)
  A vampire mosquito (D:11)
  A steam dragon (D:6)
  An orc warrior (D:8)
  A sky beast (D:7)
  An ogre (D:6)
  A phantom (D:5)
  2 bullfrogs (D:8)
  2 kobold brigands
  A scorpion (D:7)
  A necrophage (D:5)
  7 wights
  Dowan (D:5)
  A howler monkey (D:9)
  6 orc priests
  A gnoll bouda (D:8)
  2 iguanas
  An orc wizard (D:7)
  A mummy (Ossuary)
  2 gnolls (D:3)
  2 adders
  An adder zombie (Ossuary)
  15 orcs
  An endoplasm (D:3)
  A goblin (D:3)
  A goblin zombie (Ossuary)
  2 hobgoblin zombies (Ossuary)
  A jackal zombie (Ossuary)
  6 kobolds
  An orc zombie (Ossuary)
71 creatures vanquished.

Vanquished Creatures (others)
  Gastronok (D:8)
  A boulder beetle (D:12)
  A centaur warrior (D:12)
  2 skeletal warriors (D:12)
  Pikel (D:7)
  A hornet (D:4)
  Sigmund (D:5)
  14 yaks
  5 vampire mosquitoes
  A steam dragon (D:10)
  Duvessa (D:5)
  An orc warrior (D:10)
  A black bear (D:5)
  A centaur (D:10)
  A lemure (D:7)
  A kobold brigand (D:8)
  A scorpion (D:5)
  5 wights (D:8)
  A centaur zombie (Ossuary)
  Terence (D:3)
  A mummy (Ossuary)
  8 gnolls
  An adder zombie (Ossuary)
  An orc (D:4)
  2 goblins (D:3)
  A hobgoblin zombie (Ossuary)
  A kobold (D:8)
  A kobold zombie (Ossuary)
  An orc zombie (Ossuary)
  4 fungi (D:8)
  5 plants (D:9)
68 creatures vanquished.

Grand Total: 362 creatures vanquished

Notes
Turn   | Place    | Note
-------+----------+-------------------------------------------
     0 | D:1      | croobank the Gnoll Hexslinger began the quest for the Orb.
     0 | D:1      | Reached XP level 1. HP: 17/17 MP: 4/4
   163 | D:1      | Reached XP level 2. HP: 23/23 MP: 3/5
   850 | D:2      | Learned a level 1 spell: Summon Small Mammal
   886 | D:2      | Found a blossoming altar of Fedhas.
  1452 | D:3      | Reached XP level 3. HP: 26/28 MP: 1/7
  1492 | D:3      | Reached skill level 1 in Invocations
  1494 | D:3      | Reached skill level 1 in Short Blades
  1494 | D:3      | Reached skill level 1 in Long Blades
  1494 | D:3      | Reached skill level 1 in Axes
  1494 | D:3      | Reached skill level 1 in Maces & Flails
  1494 | D:3      | Reached skill level 1 in Polearms
  1494 | D:3      | Reached skill level 1 in Staves
  1494 | D:3      | Reached skill level 1 in Throwing
  1494 | D:3      | Reached skill level 1 in Armour
  1494 | D:3      | Reached skill level 1 in Stealth
  1494 | D:3      | Reached skill level 1 in Shields
  1494 | D:3      | Reached skill level 1 in Unarmed Combat
  1494 | D:3      | Reached skill level 1 in Evocations
  1524 | D:3      | Found a glowing drain.
  1530 | D:3      | Reached XP level 4. HP: 31/34 MP: 4/8
  1533 | Sewer    | Entered a sewer
  1681 | Sewer    | Reached skill level 1 in Conjurations
  1681 | Sewer    | Reached skill level 1 in Summonings
  1681 | Sewer    | Reached skill level 1 in Necromancy
  1681 | Sewer    | Reached skill level 1 in Translocations
  1681 | Sewer    | Reached skill level 1 in Transmutations
  1681 | Sewer    | Reached skill level 1 in Fire Magic
  1681 | Sewer    | Reached skill level 1 in Ice Magic
  1681 | Sewer    | Reached skill level 1 in Air Magic
  1681 | Sewer    | Reached skill level 1 in Earth Magic
  1681 | Sewer    | Reached skill level 1 in Poison Magic
  1838 | Sewer    | Reached XP level 5. HP: 40/40 MP: 9/9
  2564 | D:3      | Learned a level 3 spell: Summon Guardian Golem
  2568 | D:3      | Learned a level 3 spell: Call Canine Familiar
  2749 | D:3      | Noticed a nameless horror
  2752 | D:3      | Noticed Robin
  2798 | D:3      | Identified a scroll of acquirement
  2798 | D:3      | Acquired the ring "Imepped" {Wiz rPois rN+ Will++}
  2804 | D:3      | Killed a nameless horror
  3024 | D:3      | Reached XP level 6. HP: 47/47 MP: 11/11
  3038 | D:3      | Noticed Terence
  3083 | D:3      | Killed Terence
  3084 | D:3      | Reached skill level 5 in Ranged Weapons
  3084 | D:3      | Reached skill level 5 in Dodging
  3149 | D:3      | Killed Robin
  3617 | D:3      | Learned a level 3 spell: Inner Flame
  3797 | D:4      | Found a staircase to the Ecumenical Temple.
  3812 | D:4      | Identified the +4 helmet of True Grit {rPois Regen+ Int-3}
  3832 | Temple   | Entered the Ecumenical Temple
  3875 | Temple   | Became a worshipper of Gozag Ym Sagoz the Greedy
  4178 | D:4      | Noticed a hornet
  4184 | D:5      | Entered Level 5 of the Dungeon
  4244 | D:5      | Identified the ring "Tumaj" {rC+ Int+6}
  4321 | D:5      | Reached XP level 7. HP: 52/52 MP: 12/12
  4485 | D:5      | Found a sparkling altar of Nemelex Xobeh.
  4509 | D:5      | Noticed Duvessa
  4514 | D:5      | Noticed Dowan
  4533 | D:5      | Killed Dowan
  4535 | D:5      | Killed Duvessa
  4957 | D:5      | Noticed Sigmund
  4977 | D:5      | Killed Sigmund
  4978 | D:5      | Reached XP level 8. HP: 60/60 MP: 6/14
  5859 | D:4      | Killed a hornet
  6541 | D:6      | Found a sand-covered staircase.
  6561 | Ossuary  | Entered an ossuary
  6822 | Ossuary  | Reached XP level 9. HP: 66/66 MP: 7/16
  6829 | Ossuary  | Reached skill level 5 in Spellcasting
  7449 | D:6      | Reached skill level 5 in Fighting
  7523 | D:6      | Noticed Eustachio
  7550 | D:6      | Killed Eustachio
  7943 | D:6      | Noticed Blork the orc
  7965 | D:6      | Killed Blork the orc
  8046 | D:6      | Noticed a hornet
  8073 | D:6      | Killed a hornet
  8074 | D:6      | Reached skill level 5 in Invocations
  9876 | D:7      | Noticed Pikel
  9890 | D:7      | Killed Pikel
  9891 | D:7      | Reached skill level 5 in Short Blades
  9891 | D:7      | Reached skill level 5 in Long Blades
  9891 | D:7      | Reached skill level 5 in Axes
  9891 | D:7      | Reached skill level 5 in Maces & Flails
  9891 | D:7      | Reached skill level 5 in Polearms
  9891 | D:7      | Reached skill level 5 in Staves
  9891 | D:7      | Reached skill level 5 in Throwing
  9891 | D:7      | Reached skill level 5 in Armour
  9891 | D:7      | Reached skill level 5 in Stealth
  9891 | D:7      | Reached skill level 5 in Shields
  9891 | D:7      | Reached skill level 5 in Unarmed Combat
  9891 | D:7      | Reached skill level 5 in Evocations
  9891 | D:7      | Reached XP level 10. HP: 76/76 MP: 10/18
 10733 | D:8      | Found a hazy altar of Hepliaklqana.
 10798 | D:8      | Noticed Joseph
 10811 | D:8      | Killed Joseph
 10959 | D:8      | Noticed a kobold demonologist
 10988 | D:8      | Noticed a sixfirhy
 10994 | D:8      | Killed a kobold demonologist
 11714 | D:8      | Noticed Gastronok
 11782 | D:8      | Killed Gastronok
 11783 | D:8      | Reached skill level 5 in Conjurations
 11783 | D:8      | Reached skill level 5 in Summonings
 11783 | D:8      | Reached skill level 5 in Necromancy
 11783 | D:8      | Reached skill level 5 in Translocations
 11783 | D:8      | Reached skill level 5 in Transmutations
 11783 | D:8      | Reached skill level 5 in Fire Magic
 11783 | D:8      | Reached skill level 5 in Ice Magic
 11783 | D:8      | Reached skill level 5 in Air Magic
 11783 | D:8      | Reached skill level 5 in Earth Magic
 11783 | D:8      | Reached skill level 5 in Poison Magic
 11783 | D:8      | Reached XP level 11. HP: 70/83 MP: 6/21
 13277 | D:9      | Learned a level 1 spell: Beastly Appendage
 13280 | D:9      | Learned a level 2 spell: Wereblood
 13512 | D:9      | Found a transporter.
 13840 | D:9      | Found a transporter.
 14483 | D:9      | Found a runed translucent door.
 14485 | D:9      | Noticed bande's ghost (novice GrFi)
 14491 | D:9      | Identified the +7 spear of Departure {speed, rC+ rN+ Will+
                  | Int-5 Dex+3}
 14540 | D:10     | Entered Level 10 of the Dungeon
 14540 | D:10     | Found a staircase to the Orcish Mines.
 14580 | D:10     | Noticed Nergalle
 14621 | D:10     | Killed Nergalle
 15141 | D:10     | Found an ancient bone altar of Kikubaaqudgha.
 15206 | D:10     | Identified the ring "Parum" {rElec rF+ Will+ Str-3 Dex+6}
 15328 | D:10     | Noticed Harold
 15346 | D:10     | Killed Harold
 15512 | D:10     | Noticed Maurice
 15521 | D:10     | Killed Maurice
 15757 | D:10     | Found a staircase to the Lair.
 15769 | D:10     | Found a broken altar of Ashenzari.
 15961 | D:11     | Reached XP level 12. HP: 91/91 MP: 17/23
 16671 | D:12     | Noticed a centaur warrior
 16683 | D:12     | Killed a centaur warrior
 16710 | D:12     | Noticed Snorg
 16975 | D:12     | Noticed a boulder beetle
 17009 | D:12     | Killed a boulder beetle
 17494 | D:12     | Slain by Snorg

Illustrated notes

Levels and vault maps discovered:
D:1:      scummos_arrival_hexagon, layout_rooms, chequers_serial_rivers_micro_e
D:2:      layout_rooms, basic_altar
D:3:      layout_loops_ring, gup_sewer_entry_spiral, uniq_terence, uniq_robin
D:4:      layout_rooms, temple_green
D:5:      layout_loops_cross, nemelex_xobeh_ov_fountains_minmay, serial_rivers,
          chequers_serial_rivers_small_3, chequers_serial_rivers_large_b,
          chequers_serial_rivers_micro_e, chequers_serial_rivers_micro_d,
          chequers_serial_rivers_micro_a, minmay_misc_feat_four_crosses,
          kennysheep_generic_room_12, uniq_sigmund, uniq_duvessa
D:6:      layout_layer_cave, gup_ossuary_entry_pyramid, roderic_serpentine_path,
          kennysheep_crisscross, abandoned_shop, uniq_blork_the_orc,
          uniq_eustachio
D:7:      layout_gridville, uniq_pikel
D:8:      layout_cave_pools, mainiacjoe_overflow_boulevard, roderic_lattice_a,
          uniq_joseph, uniq_gastronok
D:9:      layout_long_grid, ebering_ghost_funeral_grove, nicolae_diode_stairs
D:10:     layout_roguey, mainiacjoe_overflow_24_doors, marbit_many_paths,
          lair_entry_dummy, uniq_harold, uniq_maurice, uniq_nergalle
D:11:     layout_roguey
D:12:     layout_basic, corexii_checkpoint_b, uniq_snorg
Temple:   dpeg_five_rooms_temple

Skill      XL: |  1  2  3  4  5  6  7  8  9 10 11 12 |
---------------+-------------------------------------+-----
Invocations    | 1 2 3 4 5 6 7 8 |  8.5
Short Blades   | 1 2 3 5 6 7 |  7.8
Long Blades    | 1 2 3 5 6 7 |  7.8
Axes           | 1 2 3 5 6 7 |  7.8
Maces & Flails | 1 2 3 5 6 7 |  7.8
Polearms       | 1 2 3 5 6 7 |  7.8
Staves         | 1 2 3 5 6 7 |  7.8
Throwing       | 1 2 3 5 6 7 |  7.8
Armour         | 1 2 3 5 6 7 |  7.8
Stealth        | 1 2 3 5 6 7 |  7.8
Shields        | 1 2 3 5 6 7 |  7.8
Unarmed Combat | 1 2 3 5 6 7 |  7.8
Evocations     | 1 2 3 5 6 7 |  7.8
Spellcasting   | 3 4 5 6 7 8 |  8.3
Conjurations   | 1 2 3 4 5 6 |  6.4
Summonings     | 1 2 3 4 5 6 |  6.4
Necromancy     | 1 2 3 4 5 6 |  6.4
Translocations | 1 2 3 4 5 6 |  6.4
Transmutations | 1 2 3 4 5 6 |  6.4
Fire Magic     | 1 2 3 4 5 6 |  6.4
Ice Magic      | 1 2 3 4 5 6 |  6.4
Air Magic      | 1 2 3 4 5 6 |  6.4
Earth Magic    | 1 2 3 4 5 6 |  6.4
Poison Magic   | 1 2 3 4 5 6 |  6.4
Fighting       | 3 4 5 6 7 8 |  8.2
Ranged Weapons | 5 6 7 8 9 |  9.1
Dodging        | 5 6 7 8 9 |  9.1
Hexes          | 6 7 8 |  8.6

Action                     |  1- 3 |  4- 6 |  7- 9 | 10-12 || total
---------------------------+-------+-------+-------+-------++-------
  Melee: Quarterstaff      |       |       |   230 |   250 ||   480
         Bite              |       |       |    23 |    35 ||    58
         Kick              |       |       |       |    29 ||    29
         Headbutt          |       |       |       |    16 ||    16
         Dagger            |       |       |       |    27 ||    27
         War axe           |       |       |       |    38 ||    38
         Punch             |       |       |       |     6 ||     6
   Fire: Sling             |    97 |   344 |    30 |       ||   471
  Throw: Boomerang         |       |       |       |     9 ||     9
   Cast: Slow              |    34 |    67 |    62 |    69 ||   232
         Call Canine Famil |       |     4 |    32 |    48 ||    84
         Summon Guardian G |       |     4 |    24 |    54 ||    82
         Summon Small Mamm |       |       |    29 |    46 ||    75
         Inner Flame       |       |       |       |     6 ||     6
         Wereblood         |       |       |       |     5 ||     5
         Beastly Appendage |       |       |       |     4 ||     4
 Invoke: Potion Petition   |       |       |       |     1 ||     1
  Evoke: Wand              |       |       |       |     6 ||     6
         Box of beasts     |       |       |       |     1 ||     1
    Use: Scroll            |     3 |     9 |     7 |    10 ||    29
         Potion            |     3 |     7 |       |     4 ||    14
   Stab: Sleeping          |       |       |     1 |     7 ||     8
         Distracted        |       |       |     3 |     6 ||     9
         Paralysed         |       |       |       |     7 ||     7
 Armour: Robe              |     1 |    39 |    59 |    92 ||   191
         Skin              |       |    34 |       |       ||    34
  Dodge: Dodged            |    40 |   305 |    91 |   261 ||   697

Table legend: (Time is in decaauts)
 A = Elapsed time spent in this place.
 B = Non-inter-level travel time spent in this place.
 C = Inter-level travel time spent in this place.
 D = Time resting spent in this place.
 E = Time spent auto-exploring this place.
 F = Levels seen in this place.
 G = Mean time per level.
                   A        B        C        D        E       F      G
               +--------+--------+--------+--------+--------+-----+--------+
         Total |  17617 |  17122 |    495 |   4912 |   7823 |  15 | 1174.5 |
       Dungeon |  15334 |  14888 |    446 |   4229 |   7013 |  12 | 1277.8 |
        Temple |    261 |    212 |     49 |      0 |    200 |   1 |  261.0 |
         Sewer |   1208 |   1208 |      0 |    191 |    577 |   1 | 1208.0 |
       Ossuary |    814 |    814 |      0 |    492 |     32 |   1 |  814.0 |
               +--------+--------+--------+--------+--------+-----+--------+

Top non-repeatable levels by time:
     D:8: 2515 daAuts
     D:6: 2081 daAuts
     D:5: 1686 daAuts
     D:3: 1394 daAuts
    D:10: 1350 daAuts
     D:7: 1324 daAuts
     D:9: 1234 daAuts
   Sewer: 1208 daAuts
     D:4: 912 daAuts
    D:11: 872 daAuts
 Ossuary: 814 daAuts
     D:1: 782 daAuts
    D:12: 722 daAuts
     D:2: 457 daAuts
  Temple: 261 daAuts
